Construct Infanterie Kompanie
Selects Luftwaffe Battlegroup
Selects Luftwaffe Pioneer Support
Fallschirmpioneer Squad Paradrop
Fallschirmpioneer Squad Paradrop
Selects LG40 Recoilless Gun Paradrop
Construct Luftwaffe Kompanie
Selects Stuka Strafing Run
LG40 Recoilless Gun Paradrop
Selects Fallschirmjäger Squad Paradrop
Fallschirmjäger Squad Paradrop
LG40 Recoilless Gun Paradrop
Construct Panzergrenadier Kompanie
Fallschirmjäger Squad Paradrop
Pak 40 Anti-tank Gun Team
Fallschirmjäger Squad Paradrop
Selects Infantry Reserves
LG40 Recoilless Gun Paradrop